 Dungeon Crawl Stone Soup version 0.21.1-1-g345015fe64 (webtiles) character file.

156 Ivernyr the Charmwright (level 5, 0/41 HPs)
             Began as a Human Skald on May 1, 2018.
             Slain by an orc wizard
             ... wielding a +0 dagger
              (1 damage)
             ... on level 4 of the Dungeon.
             The game lasted 00:06:48 (3507 turns).

Ivernyr the Charmwright (Human Skald)               Turns: 3507, Time: 00:06:48

Health: 0/41       AC:  3    Str: 12    XL:     5   Next: 64%
Magic:  2/8        EV: 12    Int: 13    God:
Gold:   165        SH:  0    Dex: 13    Spells: 3/8 levels left

rFire    . . .     SeeInvis .   a - +0 falchion
rCold    . . .     Gourm    .   (no shield)
rNeg     . . .     Faith    .   b - +0 leather armour
rPois    .         Spirit   .   (no helmet)
rElec    .         Reflect  .   (no cloak)
rCorr    .         Harm     .   (no gloves)
MR       .....                  (no boots)
Stlth    +.........             (no amulet)
HPRegen  0.13/turn              (no ring)
MPRegen  0.11/turn              (no ring)

@: singing, very slightly contaminated
A: no striking features
a: no special abilities


You were on level 4 of the Dungeon.
You were hungry.

You visited 1 branch of the dungeon, and saw 4 of its levels.

You collected 165 gold pieces.

Inventory:

Hand Weapons
 a - a +0 falchion (weapon)
Armour
 b - a +0 leather armour (worn)
Scrolls
 e - 2 scrolls of magic mapping {unknown}
 h - a scroll of fear {unknown}
 i - 2 scrolls of amnesia {unknown}
 j - 3 scrolls of fog {unknown}
 l - 2 scrolls of remove curse {unknown}
 n - 4 scrolls of identify {unknown}
 o - a scroll of random uselessness {unknown}
Potions
 f - a potion of magic {unknown}
 g - a potion of haste {unknown}
 k - a potion of berserk rage {unknown}
 m - 2 potions of curing {unknown}
 q - a potion of agility {unknown}
 r - a potion of lignification {unknown}
Books
 c - a book of Battle

   Spells                             Type                      Level
   a - Infusion                       Charms                       1
   b - Shroud of Golubria             Charms/Translocation         2
   c - Song of Slaying                Charms                       2
   d - Spectral Weapon                Hexes/Charms                 3
   e - Regeneration                   Charms/Necromancy            3
Comestibles
 d - 6 rations
 p - 2 chunks of flesh


   Skills:
 + Level 3.0 Fighting
 + Level 2.9 Long Blades
 * Level 3.2 Armour
 - Level 2.0 Dodging
 - Level 2.0 Spellcasting
 + Level 3.6 Charms


You had 3 spell levels left.
You knew the following spells:

 Your Spells              Type           Power        Failure   Level  Hunger
a - Shroud of Golubria    Chrm/Tloc      #.........   22%         2    ###....
b - Song of Slaying       Chrm           ##......     11%         2    ###....
c - Infusion              Chrm           ##..         7%          1    ##.....


Dungeon Overview and Level Annotations

Branches:
Dungeon (4/15)
 Temple: D:4-7

Altars:


Message History

You kill the orc!
Something hits you but does no damage.
You hit something. Something hits you. x2
You barely miss something. Something hits you.
Something hits you but does no damage.
You miss something. Something hits you.
You miss something. Something hits you.
You hear some strange, mumbled words.
A magic dart appears from out of thin air!
The magic dart hits you!
* * * LOW HITPOINT WARNING * * *
You hit something.
You hear some strange, mumbled words.
A puff of flame appears from out of thin air!
The puff of flame hits you!
* * * LOW HITPOINT WARNING * * *
You closely miss something. Something hits you.
* * * LOW HITPOINT WARNING * * *
You barely miss something. Something hits you.
You die...

##### #...# #.## ...
#...# ... #...# ####
# #o# #...##....
#.#)# #####.........
#.#@###.............
#...........(......
#.##.###.........#
#.....#
#####...####..
##.#### #.......# #
#.#.##...#
#######...# ...
#........##
#.########


You could see an orc.

Vanquished Creatures
  7 adders
  2 oozes
  6 worms
  A dart slug (D:2)
  2 leopard geckos
  3 orcs
  5 giant cockroaches
  5 goblins
  2 hobgoblins
  8 jackals
  6 kobolds
  2 quokkas (D:2)
  4 bats
  2 frilled lizards
  9 rats
64 creatures vanquished.

Notes
Turn   | Place    | Note
-------+----------+-------------------------------------------
     0 | D:1      | Ivernyr the Human Skald began the quest for the Orb.
     0 | D:1      | Reached XP level 1. HP: 16/16 MP: 3/3
   105 | D:1      | Reached XP level 2. HP: 21/22 MP: 5/5
   147 | D:1      | Learned a level 2 spell: Song of Slaying
   150 | D:1      | Learned a level 2 spell: Shroud of Golubria
   808 | D:2      | Reached XP level 3. HP: 27/27 MP: 1/6
  1170 | D:2      | Reached XP level 4. HP: 24/34 MP: 5/7
  2282 | D:2      | Reached XP level 5. HP: 39/39 MP: 8/8
  3505 | D:4      | HP: 2/41 [something/puff of flame (9)]
  3507 | D:4      | Slain by an orc wizard

Skill      XL: |  1  2  3  4  5 |
---------------+----------------+-----
Armour         | 2 3 |  3.2
Fighting       | 3 |  3.0
Long Blades    | |  2.9
Dodging        | |  2.0
Spellcasting   | |  2.0
Charms         | |  3.6

Action                   |  1- 3 |  4- 6 || total
-------------------------+-------+-------++-------
Melee: Falchion          |   115 |   171 ||   286
 Cast: Shroud of Golubri |     3 |    13 ||    16
       Song of Slaying   |       |     1 ||     1
 Stab: Sleeping          |       |     1 ||     1
  Eat: Chunk             |     1 |     9 ||    10
Armor: Leather armour    |    47 |    29 ||    76
Dodge: Dodged            |    90 |   107 ||   197
       Rpst.: Falchion   |    27 |    38 ||    65
